 Dungeon Crawl Stone Soup version 0.16-a0-262-g6fc725f (webtiles) character file.

771 Mokocchi the Cudgeler (level 7, 0/56 HPs)
             Began as a Demonspawn Chaos Knight on Aug 25, 2014.
             Was a Plaything of Xom.
             Succumbed to an orc's poison
             ... on Level 4 of the Dungeon.
             The game lasted 00:30:08 (5605 turns).

Mokocchi the Cudgeler (Demonspawn Chaos Knight)     Turns: 5605, Time: 00:30:08

HP   0/56        AC  4     Str 12      XL: 7   Next: 53%
MP   7/7         EV 11     Int 11      God: Xom
Gold 179         SH  0     Dex 11 (13) Spells:  0 memorised,  6 levels left

rFire  + . .     SeeInvis .     a - +0 mace (chaos)
rCold  . . .     Clarity  .     b - +2 leather armour
rNeg   . . .     rCorr    .     (no shield)
rPois  .         rRot     .     (no helmet)
rElec  .         Spirit   .     (no cloak)
SustAb .         Warding  .     q - +0 pair of gloves
rMut   .         Stasis   .     (no boots)
Gourm  .                        (no amulet)
MR     .....                    (no ring)
                                (no ring)

@: lethally poisoned, not resistant to hostile enchantments, very unstealthy
A: claws 1, blurry vision 1, clumsy 1, deformed body, demonic guardian 1,
deterioration 1, dopey 1, fire resistance 1, mutation resistance 1, screaming 1
a: Renounce Religion


You were on level 4 of the Dungeon.
You worshipped Xom.
You were a special plaything of Xom.
You were not hungry.

You visited 1 branch of the dungeon, and saw 4 of its levels.

You collected 179 gold pieces.

Inventory:

Hand weapons
 a - a +0 mace of chaos (weapon)
 t - a +0 blowgun
Missiles
 f - 20 stones (quivered)
 k - 38 poisoned needles
Armour
 b - a +2 leather armour (worn)
 q - a +0 pair of gloves (worn)
Magical devices
 v - a wand of lightning (3)
Comestibles
 c - 4 bread rations
 d - 2 chunks of worker ant flesh
 s - a meat ration
Scrolls
 e - a scroll of enchant armour {unknown}
 h - 2 scrolls of identify
 l - 2 scrolls of remove curse
 m - a scroll of teleportation {unknown}
Potions
 i - 2 potions of haste


   Skills:
 - Level 5.0 Fighting
 + Level 6.9 Maces & Flails
 - Level 2.0 Armour
 - Level 2.0 Dodging


You had 6 spell levels left.
You didn't know any spells.

Dungeon Overview and Level Annotations

Branches:
Dungeon (4/15)
 Temple: D:4-7

Altars:
Ashenzari
Dithmenos
Nemelex Xobeh
Okawaru
Qazlal
Yredelemnul


Innate Abilities, Weirdness & Mutations

You have sharp fingernails.
A weak demonic guardian rushes to your aid.
Your flesh is heat resistant.
Your vision is a little blurry.
You are clumsy. (Dex -2)
Armour fits poorly on your strangely shaped body.
Your body is slowly deteriorating.
You are dopey. (Int -2)
You are somewhat resistant to further mutation.
You occasionally shout uncontrollably at your foes.


Message History

* * * LOW HITPOINT WARNING * * *
You feel sick.
* * * LOW HITPOINT WARNING * * *
You feel sick. The orc hits you with a hand axe.
* * * LOW HITPOINT WARNING * * *
You hit the orc but do no damage.
The orc is poisoned.
* * * LOW HITPOINT WARNING * * *
You feel sick. The orc hits you with a hand axe.
* * * LOW HITPOINT WARNING * * *
You sock the orc! You burn the orc.
You kill the orc!
* * * LOW HITPOINT WARNING * * *
You feel sick.
* * * LOW HITPOINT WARNING * * *
You feel sick.
The orc shouts!
Things that are here:
a hand axe; a leather armour; an orc corpse You die...
Xom guffaws!

.####..^^# #.# ########§# .#
##^#^# #.##### #...# #§# .#
##### #.....##♣.<.♣##§# .#
####..#.......#§#
.###########.....#.<§♣.§§§.#
...........).##..#.......###
################.##♣.>.♣##
#########)###...#
#######..o.....@..#####
#................###
########.#########
...#####.# ##.......#
#.######## ..# #.# #.#


You could see an orc.

Vanquished Creatures
  Purgy (D:3)
  3 killer bees (D:4)
  2 hounds
  A giant frog skeleton (D:4)
  An orc priest (D:3)
  A jelly (D:4)
  A worker ant (D:4)
  4 orc wizards
  4 adders
  2 gnolls (D:4)
  2 giant mites
  An inept feature mimic (D:3)
  4 worms
  A giant gecko (D:2)
  12 orcs
  7 bats
  A bat skeleton (D:4)
  4 giant cockroaches
  17 goblins
  9 hobgoblins
  6 jackals (D:2)
  8 kobolds
  4 quokkas
  A ball python (D:3)
  4 giant newts (D:2)
  A hobgoblin skeleton (D:4)
  An orc skeleton (D:4)
  6 rats
  A spectral orc (D:4)
110 creatures vanquished.

Vanquished Creatures (collateral kills)
  A killer bee (D:4)
  An orc skeleton (D:4)
2 creatures vanquished.

Vanquished Creatures (others)
  An iron imp (D:4)
  A gnoll (D:4)
  A white imp (D:4)
  An ufetubus (D:4)
4 creatures vanquished.

Grand Total: 116 creatures vanquished

Notes
Turn   | Place    | Note
--------------------------------------------------------------
     0 | D:1      | Mokocchi, the Demonspawn Chaos Knight, began the quest for the Orb.
     0 | D:1      | Reached XP level 1. HP: 18/18 MP: 1/1
     2 | D:1      | XOM: silly message
   463 | D:1      | Reached skill level 1 in Dodging
   534 | D:1      | XOM: harmless Trmt miscast
   899 | D:2      | Gained mutation: Your flesh is heat resistant. [demonic ancestry]
   899 | D:2      | Reached XP level 2. HP: 24/24 MP: 2/2
   963 | D:2      | XOM: harmless Summ miscast
  1255 | D:2      | Found a stormy altar of Qazlal.
  1265 | D:2      | Found a shattered altar of Ashenzari.
  1293 | D:2      | Found a sparkling altar of Nemelex Xobeh.
  1295 | D:2      | Found an iron altar of Okawaru.
  1400 | D:2      | Gained mutation: You have sharp fingernails. [demonic ancestry]
  1400 | D:2      | Reached XP level 3. HP: 22/29 MP: 3/3
  1759 | D:2      | XOM: harmless Summ miscast
  1876 | D:2      | Found a shadowy altar of Dithmenos.
  1916 | D:2      | Reached skill level 4 in Fighting
  2126 | D:2      | Reached XP level 4. HP: 37/37 MP: 4/4
  2257 | D:3      | XOM: harmless Conj miscast
  2318 | D:3      | XOM: harmless Pois miscast
  2493 | D:3      | XOM: divination: magic mapping
  2677 | D:3      | XOM: potion effect (haste)
  2735 | D:3      | XOM: confuse monster(s)
  2741 | D:3      | Reached skill level 5 in Fighting
  2861 | D:3      | XOM: harmless Hex miscast
  2899 | D:3      | Reached XP level 5. HP: 18/44 MP: 5/5
  3095 | D:3      | Noticed Purgy
  3098 | D:3      | XOM: harmless Trmt miscast
  3119 | D:3      | Killed Purgy
  3138 | D:3      | XOM: harmless Necr miscast
  3294 | D:3      | Gained mutation: A weak demonic guardian rushes to your aid. [demonic ancestry]
  3294 | D:3      | Reached XP level 6. HP: 46/51 MP: 6/6
  3295 | D:3      | XOM: enchant monster (bad)
  3460 | D:3      | XOM: harmless Summ miscast
  3779 | D:3      | Reached skill level 5 in Maces & Flails
  3979 | D:4      | XOM: harmless Fire miscast
  4020 | D:4      | XOM: mild Fire miscast
  4033 | D:4      | XOM: harmless Chrm miscast
  4087 | D:4      | XOM: cast spell 'Flight'
  4270 | D:4      | Found a basalt altar of Yredelemnul.
  4346 | D:4      | XOM: divination: detect items
  4369 | D:4      | Reached XP level 7. HP: 51/56 MP: 7/7
  4459 | D:4      | XOM: cast spell 'Flight'
  4496 | D:4      | XOM: confuse monster(s)
  4521 | D:4      | XOM: colour smoke trail
  4548 | D:4      | Reached skill level 6 in Maces & Flails
  4637 | D:4      | Gained mutation: You are somewhat resistant to further mutation. [potion of beneficial mutation]
  4722 | D:4      | XOM: silly message
  4811 | D:4      | XOM: blink monster(s)
  4843 | D:4      | HP: 2/56 [poisoned by a killer bee]
  4846 | D:4      | XOM: harmless Fire miscast
  4851 | D:4      | HP: 2/56 [poisoned by a killer bee]
  4851 | D:4      | XOM: polymorph ufetubus -> white imp
  4892 | D:4      | HP: 2/56 [poisoned by a killer bee]
  5150 | D:3      | XOM: give mutations
  5150 | D:3      | Gained mutation: Armour fits poorly on your strangely shaped body. [Xom's mischief]
  5150 | D:3      | Gained mutation: Your body is slowly deteriorating. [Xom's mischief]
  5150 | D:3      | Gained mutation: You are dopey. (Int -2) [Xom's mischief]
  5150 | D:3      | Gained mutation: You are frail (-10% HP). [Xom's mischief]
  5325 | D:4      | XOM: colour smoke trail
  5551 | D:4      | XOM: give mutations
  5551 | D:4      | Gained mutation: You occasionally shout uncontrollably at your foes. [Xom's mischief]
  5551 | D:4      | Gained mutation: You are clumsy. (Dex -2) [Xom's mischief]
  5551 | D:4      | Lost mutation: You are frail (-10% HP). [Xom's mischief]
  5551 | D:4      | Gained mutation: Your vision is a little blurry. [Xom's mischief]
  5603 | D:4      | HP: 2/56 [poisoned by an orc]
  5605 | D:4      | Succumbed to an orc's poison

Action                   |  1- 3 |  4- 6 |  7- 9 || total
-------------------------+-------+-------+-------++-------
Melee: Mace              |   114 |   175 |    56 ||   345
 Fire: Blowgun           |       |    10 |     2 ||    12
Throw: Stone             |     8 |    10 |       ||    18
Evoke: Wand              |       |     1 |     5 ||     6
  Use: Potion            |       |       |    10 ||    10
       Scroll            |       |       |     1 ||     1
 Stab: Petrifying        |       |     1 |       ||     1
       Paralysed         |       |       |     4 ||     4
  Eat: Chunk             |     4 |     7 |     1 ||    12
       Bread ration      |       |       |     1 ||     1
